 Dungeon Crawl Stone Soup version 0.30-a0-702-gdf48620a09 (webtiles) character file.

Game seed: 3356643683158627894

169 CrazyBamboolord the Insei (level 5, -1/34 HPs)
             Began as an Octopode Transmuter on Jan 21, 2023.
             Slain by a hobgoblin (4 damage)
             ... on level 4 of the Dungeon.
             The game lasted 00:04:18 (2546 turns).

CrazyBamboolord the Insei (Octopode Transmuter)     Turns: 2546, Time: 00:04:19

Health: -1/34      AC:  1    Str: 10    XL:     5   Next: 50%
Magic:  7/9        EV: 13    Int: 17    God:
Gold:   144        SH:  0    Dex: 12    Spells: 4/10 levels left

rFire   . . .      SeeInvis .      - Unarmed
rCold   + . .      Faith    .    (no shield)
rNeg    . . .      Spirit   .    (helmet currently unavailable)
rPois   .          Reflect  .    (no amulet)
rElec   .          Harm     .    j - ring of protection from cold
rCorr   .          Rampage  .    (no ring)
Will    .....                    (no ring)
Stlth   +++                      (no ring)
HPRegen 0.25/turn                (no ring)
MPRegen 0.11/turn                (no ring)
                                 (no ring)
                                 (no ring)

@: about to teleport, appendages, wereblooded
A: tentacle spike 3, almost no armour, amphibious, 8 rings, camouflage 1,
gelatinous body 1, (nimble swimmer 1), tentacles
a: End Transformation


You were on level 4 of the Dungeon.
One of your tentacles had grown a beastly spike.
You visited 1 branch of the dungeon, and saw 4 of its levels.

You collected 144 gold pieces.

Inventory:

Jewellery
 j - a ring of protection from cold (left tentacle)
Wands
 m - a wand of polymorph (4)
 n - a wand of paralysis (13)
 p - a wand of flame (8)
Scrolls
 b - a scroll of amnesia
 d - a scroll of enchant armour {unknown}
 h - a scroll of poison {unknown}
 i - a scroll of blinking {unknown}
 k - a scroll of torment
Potions
 a - 2 potions of lignification
 c - 4 potions of curing
 e - a potion of mutation
 f - 2 potions of heal wounds
 g - 2 potions of ambrosia
 o - a potion of cancellation {unknown}


   Skills:
 * Level 1.6 Fighting
 * Level 2.6 Dodging
 + Level 1.3 Stealth
 * Level 3.7 Unarmed Combat
 * Level 3.1 Spellcasting
 * Level 2.8 Transmutations
 * Level 1.7 Poison Magic


You had 4 spell levels left.
You knew the following spells:

 Your Spells              Type           Power      Damage    Failure   Level
a - Beastly Appendage     Tmut           24%        N/A       5%          1
b - Wereblood             Tmut           12%        N/A       9%          2
c - Spider Form           Tmut/Pois      10%        N/A       21%         3

Your spell library contained the following spells:

 Spells                   Type           Power      Damage    Failure   Level
 Ignite Poison            Fire/Tmut/Pois 7%         N/A       28%         3
 Kindle Blastsparks       Fire/Tloc/Air  4%         2d10      45%         3
 Ice Form                 Ice/Tmut       7%         N/A       67%         4
 Freezing Cloud           Conj/Ice/Air   1%         6-21      99%         5


Dungeon Overview and Level Annotations

Branches:
Dungeon (4/15)
 Temple: D:4-7

Altars:


Innate Abilities, Weirdness & Mutations

One of your tentacles has grown a beastly spike.
You cannot wear most types of armour.
You are amphibious.
You can wear up to eight rings at the same time.
Your skin changes colour to match your surroundings (Stealth+).
Your rubbery body absorbs attacks. (AC +1, EV +1)
((You are camouflaged when in or above water. (Stealth+)))
You have tentacles for arms and can constrict up to eight enemies at once.


Message History

The gnoll shouts! x2; The hobgoblin shouts!
You hear an angry hiss.
The hobgoblin shouts!
The gnoll misses you.
Casting: Beastly Appendage (safe; 5% risk of failure)
Confirm with . or Enter, or press ? or * to list all spells.
Your blood is infused with primal strength.
The gnoll shouts!
A ball python comes into view.
The gnoll misses you.
You closely miss the gnoll. You grab the gnoll.
You pierce the gnoll, but do no damage.
You constrict the gnoll, but do no damage.
The gnoll misses you.
You completely miss the gnoll. You squeeze the gnoll!
The gnoll is severely wounded.
You constrict the gnoll, but do no damage.
The gnoll hits you with a +0 club.
You tentacle-slap the gnoll.
You feel a bit better.
You kill the gnoll!
The hobgoblin closely misses you. The gnoll hits you with a +0 flail!
You completely miss the gnoll. Your grab misses the gnoll.
You pierce the gnoll.
Your squeeze misses the gnoll.
The gnoll is moderately wounded.
The hobgoblin closely misses you. The gnoll hits you with a +0 flail!
The gnoll hits you from afar with a +0 spear.
* * * LOW HITPOINT WARNING * * *
The ball python bites you.
* * * LOW HITPOINT WARNING * * *
The ball python closely misses you.
You are too injured to fight recklessly!
The hobgoblin attacks as you move away! The hobgoblin closely misses you.
The ball python bites you.
* * * LOW HITPOINT WARNING * * *
The ball python misses you. The hobgoblin closely misses you.
As you read the scroll of teleportation, it crumbles to dust.
You feel strangely unstable. The ball python bites you.
* * * LOW HITPOINT WARNING * * *
The ball python completely misses you. The hobgoblin closely misses you.
The gnoll barely misses you. The hobgoblin hits you.
You die...

#........
#........
#........
#......... #
####.........
#.#...........
#....gg(......
#....Sgg...#
#.....@....#
#..........#
#......<...#
#..........#
#.........##
#.........##
#..........#
##..........###...
#.......<.........


You could see 2 gnolls, 2 hobgoblins and a ball python.

Vanquished Creatures
  A gnoll (D:4)
  8 adders
  A worm (D:3)
  2 dart slugs
  An orc (D:2)
  7 bats
  8 endoplasms
  3 giant cockroaches
  10 goblins
  9 hobgoblins
  3 jackals (D:2)
  A quokka (D:2)
  8 ball pythons
  7 frilled lizards
  3 kobolds
  6 rats
78 creatures vanquished.

Notes
Turn   | Place    | Note
-------+----------+-------------------------------------------
     0 | D:1      | CrazyBamboolord the Octopode Transmuter began the quest for
                  | the Orb.
     0 | D:1      | Reached XP level 1. HP: 13/13 MP: 3/3
   125 | D:1      | Found a faded altar of an unknown god.
   186 | D:1      | Reached XP level 2. HP: 14/18 MP: 1/5
   636 | D:1      | Reached XP level 3. HP: 23/23 MP: 4/6
   833 | D:1      | Learned a level 2 spell: Wereblood
   837 | D:1      | Learned a level 3 spell: Spider Form
  1304 | D:2      | Reached skill level 1 in Poison Magic
  1344 | D:2      | Reached XP level 4. HP: 24/28 MP: 8/8
  1903 | D:3      | Reached skill level 1 in Stealth
  1963 | D:3      | Reached XP level 5. HP: 32/33 MP: 6/9
  2546 | D:4      | Slain by a hobgoblin

Illustrated notes

Levels and vault maps discovered:
D:1:      ncdulo_halloftheorcs, layout_rooms, hellmonk_ecumenical_altar_zigzags,
          roderic_lattice_a, hangedman_abyss_or_decor_lesser_grid
D:2:      layout_basic, minmay_randomly_rotated_circles
D:3:      layout_basic, hangedman_decor_clover_reticule
D:4:      layout_rooms

Skill      XL: |  1  2  3  4 |
---------------+-------------+-----
Poison Magic   | 1 |  1.7
Stealth        | 1 |  1.3
Spellcasting   | 3 |  3.1
Fighting       | |  1.6
Dodging        | |  2.6
Unarmed Combat | |  3.7
Transmutations | |  2.8

Action                   |  1- 3 |  4- 6 || total
-------------------------+-------+-------++-------
Melee: Unarmed           |    86 |    59 ||   145
       Tentacles         |    14 |    12 ||    26
       Constrict         |    27 |    18 ||    45
       Kick              |    24 |    26 ||    50
       Punch             |     2 |       ||     2
 Cast: Beastly Appendage |    31 |    18 ||    49
       Wereblood         |       |     3 ||     3
  Use: Scroll            |     3 |     5 ||     8
 Stab: Sleeping          |     5 |     5 ||    10
Armor: Skin              |     9 |     6 ||    15
Dodge: Dodged            |    56 |    47 ||   103

Table legend: (Time is in decaauts)
 A = Elapsed time spent in this place.
 B = Non-inter-level travel time spent in this place.
 C = Inter-level travel time spent in this place.
 D = Time resting spent in this place.
 E = Time spent auto-exploring this place.
 F = Levels seen in this place.
 G = Mean time per level.
                   A        B        C        D        E       F      G
               +--------+--------+--------+--------+--------+-----+--------+
         Total |   2536 |   2448 |     88 |      0 |   1932 |   4 |  634.0 |
       Dungeon |   2536 |   2448 |     88 |      0 |   1932 |   4 |  634.0 |
               +--------+--------+--------+--------+--------+-----+--------+

Top non-repeatable levels by time:
     D:2: 990 daAuts
     D:1: 855 daAuts
     D:3: 657 daAuts
     D:4: 32 daAuts
